 Dungeon Crawl Stone Soup version 0.29.1-12-g30fa7ad0bf (webtiles) character file.

Game seed: 14478725081280418115

38259 kwasso the Spear-Bearer (level 13, -6/103 HPs)
             Began as a Demonspawn Earth Elementalist on Dec 14, 2022.
             Was the Champion of Jiyva.
             Mangled by a +7 vorpal dire flail (20 damage)
             ... on level 2 of the Elven Halls.
             The game lasted 01:10:01 (12262 turns).

kwasso the Spear-Bearer (DsEE)                     Turns: 12262, Time: 01:10:01

Health: -6/103     AC: 21    Str: 24    XL:     13   Next: 62%
Magic:  25/25      EV: 21    Int: 23    God:    Jiyva [******]
Gold:   560        SH:  6    Dex: 18    Spells: 24/28 levels left

rFire   + + +      SeeInvis +   Z - +8 trident "Ifuk" {vorpal, rF+ rC+}
rCold   + + +      Faith    .   Q - +0 buckler
rNeg    . . .      Spirit   .   p - +4 chain mail of Anaesthesia {Regen+ Str+7 Int+4}
rPois   +          Reflect  .   (no helmet)
rElec   .          Harm     .   o - +2 cloak of the Thief {*Fog Slay-2 SInv Stlth+}
rCorr   +          Rampage  .   (gloves unavailable)
Will    .....                   (no boots)
Stlth   +.........              l - amulet of regeneration
HPRegen 3.47/turn               j - +6 ring of dexterity
MPRegen 0.69/turn               K - +4 ring of evasion

@: agile
A: slimy green scales 2, powered by pain 2, demonic magic 1, demonic touch 3,
cold resistance 3, fire resistance 2, passive freeze, sense surroundings 1,
poison resistance, robust 1, strong 2, wild magic 1, acidic bite, translucent
skin 3, evolution 1, tendrils
a: Renounce Religion, Oozemancy, Slimify


You were on level 2 of the Elven Halls.
You worshipped Jiyva.
Jiyva was exalted by your worship.
You visited 3 branches of the dungeon, and saw 16 of its levels.
You also visited: Bailey.

You collected 1224 gold pieces.
You spent 664 gold pieces at shops.

Inventory:

Hand Weapons
 C - a +4 trident of freezing
 H - the +10 short sword of Ashenzari's Wrath {pain, rF- rCorr Dex+3}
   (You found it in a bailey)

   In the hands of one skilled in necromantic magic, it inflicts extra damage on
   living creatures.
   Dex:       It affects your dexterity (+3).
   rF:        It makes you vulnerable to fire.
   rCorr:     It protects you from acid and corrosion.
 Z - the +8 trident "Ifuk" (weapon) {vorpal, rF+ rC+}
   (You took it off a deep elf demonologist on level 1 of the Elven Halls)

   It inflicts extra damage upon your enemies.
   rF:        It protects you from fire.
   rC:        It protects you from cold.
Missiles
 s - 37 poisoned darts
Armour
 e - a +0 cloak
 m - a +3 leather armour of poison resistance
 o - the +2 cloak of the Thief (worn) {*Fog Slay-2 SInv Stlth+}
   (You found it on level 1 of the Elven Halls)

   It may release a thick cloud of smoke when the wearer is hurt.
   Slay:      It affects your accuracy & damage with ranged weapons and melee
   (-2).
   SInv:      It lets you see invisible.
   Stlth:     It makes you more stealthy.
 p - the +4 chain mail of Anaesthesia (worn) {Regen+ Str+7 Int+4}
   (You found it on level 5 of the Dungeon)

   Str:       It affects your strength (+7).
   Int:       It affects your intelligence (+4).
   Regen:     It increases your rate of health regeneration.
 G - +2 swamp dragon scales
 L - +0 steam dragon scales
 N - a +2 pair of gloves
 Q - a +0 buckler (worn)
Jewellery
 j - a +6 ring of dexterity (left hand)
 l - an amulet of regeneration (around neck)
 r - a ring of willpower
 t - an amulet of magic regeneration
 K - a +4 ring of evasion (right hand)
 P - an amulet of the acrobat
Wands
 c - a wand of light (7)
 E - a wand of flame (33)
 R - a wand of charming (6)
 U - a wand of iceblast (10)
Scrolls
 g - 2 scrolls of magic mapping
 h - 5 scrolls of blinking
 i - 2 scrolls of noise
 k - 6 scrolls of teleportation
 n - 2 scrolls of acquirement {unknown}
 x - a scroll of enchant armour
 y - 2 scrolls of fear
 B - a scroll of torment
 M - a scroll of enchant weapon
 O - a scroll of amnesia
 S - a scroll of butterflies
 X - a scroll of immolation
Potions
 a - 2 potions of degeneration
 b - 2 potions of magic
 d - 2 potions of flight
 v - 2 potions of might
 w - 3 potions of haste
 z - a potion of resistance
 A - 4 potions of curing
 I - a potion of cancellation
 J - a potion of lignification
 T - a potion of attraction {unknown}
 V - a potion of berserk rage {unknown}
 W - a potion of invisibility
Miscellaneous
 f - a tin of tremorstones (2/2)


   Skills:
 + Level 6.3 Fighting
 + Level 0.7 Short Blades
 + Level 10.6 Polearms
 + Level 1.4 Throwing
 + Level 7.8 Armour
 * Level 7.5 Dodging
 - Level 2.1 Stealth
 * Level 5.1 Shields
 * Level 8.2 Spellcasting
 * Level 7.2 Summonings
 + Level 0.8 Transmutations
 * Level 8.3 Earth Magic
 * Level 5.2 Evocations


You had 24 spell levels left.
You knew the following spells:

 Your Spells              Type           Power      Damage    Failure   Level
a - Sandblast             Erth           100%       2d20      3%          1
b - Call Canine Familiar  Summ           54%        N/A       12%         3

Your spell library contained the following spells:

 Spells                   Type           Power      Damage    Failure   Level
 Summon Small Mammal      Summ           100%       N/A       4%          1
 Passwall                 Tmut/Erth      32%        N/A       17%         2
 Stone Arrow              Conj/Erth      74%        3d11      36%         3
 Summon Guardian Golem    Hex/Summ       34%        N/A       43%         3
 Beastly Appendage        Tmut           34%        N/A       45%         1
 Apportation              Tloc           24%        N/A       54%         1
 Magic Dart               Conj           48%        1d5       54%         1
 Wereblood                Tmut           17%        N/A       58%         2
 Searing Ray              Conj           24%        2d5       69%         2
 Petrify                  Tmut/Erth      39%        N/A       69%         4
 Summon Ice Beast         Ice/Summ       34%        N/A       82%         4
 Spider Form              Tmut/Pois      14%        N/A       85%         3
 Frozen Ramparts          Ice            24%        1d4       88%         3
 Borgnjor's Vile Clutch   Necr/Erth      18%        N/A       97%         5
 Hailstorm                Conj/Ice       12%        3d5       99%         4
 Ice Form                 Ice/Tmut       14%        N/A       99%         4
 Alistair's Intoxication  Tmut/Pois      9%         N/A       100%        5
 Manifold Assault         Tloc           12%        N/A       100%        5
 Iron Shot                Conj/Erth      18%        9d4       100%        6
 Simulacrum               Ice/Necr       6%         N/A       100%        6
 Spellforged Servitor     Conj/Summ      17%        N/A       100%        7
 Necromutation            Tmut/Necr      7%         N/A       100%        8


Dungeon Overview and Level Annotations

Branches:
Dungeon (12/15)            Temple (0/1) D:5            Lair (0/5) D:9
    Orc (2/2) D:11            Elf (2/3) Orc:2        Bailey (visited)

Altars:
Ashenzari
Fedhas
Kikubaaqudgha
Nemelex Xobeh
Qazlal
Ru
Trog
Uskayaw
Vehumet
Jiyva

Shops:
D:5 (   D:11 ?   Orc:2 [=!(   Elf:1 (

Portals:
Trove: D:10 (give +6 demon trident)

Annotations:
D:2 1 runed translucent door, Crazy Yiuf


Innate Abilities, Weirdness & Mutations

You are mostly covered in slimy green scales. (AC +3)
You sometimes gain power by taking damage.
Spells you cast may paralyse adjacent enemies.
Your touch may irresistibly damage your foes and sap their willpower.
Your flesh is almost immune to the effects of cold. (rC+++)
Your flesh is very heat resistant. (rF++)
A frigid envelope surrounds you and freezes all who hurt you.
You passively map a small area around you.
Your system is resistant to poisons. (rPois)
You are robust. (+10% HP)
Your muscles are very strong. (Str +8, Int/Dex -2)
Your spells are a little harder to cast, but a little more powerful.
You have acidic saliva.
Your transparent skin significantly reduces your foes' accuracy. (Stealth+)
You have hidden genetic potential.
You are covered in slimy tendrils that may disarm your opponents.


Message History

The +7 vorpal dire flail completely resists.
The bolt of lightning hits you!!
With a swish of your cloak, you release a cloud of fog.
The +7 vorpal dire flail hits you!!
With a swish of your cloak, you release a cloud of fog.
The +7 vorpal dire flail completely resists.
There is an open door, spattered with blood here.
You see here a +4 dagger.
The +7 vorpal dire flail hits you.
The +7 vorpal dire flail resists.
The +7 vorpal dire flail is very cold.
The +7 vorpal dire flail is lightly damaged.
The +7 vorpal dire flail attacks as you move away!
The +7 vorpal dire flail closely misses you.
The +7 vorpal dire flail misses you.
The +7 vorpal dire flail attacks as you move away!
The +7 vorpal dire flail hits you!
* * * LOW HITPOINT WARNING * * *
With a swish of your cloak, you release a cloud of fog.
You focus on the pain.
You feel more agile all of a sudden.
* * * LOW HITPOINT WARNING * * *
The +7 vorpal dire flail resists.
The +7 vorpal dire flail is very cold.
The +7 vorpal dire flail is lightly damaged.
The +7 vorpal dire flail attacks as you move away!
The +7 vorpal dire flail barely misses you.
The +7 vorpal dire flail closely misses you.
There is an open door here.
The +7 vorpal dire flail attacks as you move away!
You block the +7 vorpal dire flail's attack.
The +7 vorpal dire flail attacks as you move away!
The +7 vorpal dire flail hits you!
* * * LOW HITPOINT WARNING * * *
x2 The +7 vorpal dire flail resists.
The +7 vorpal dire flail is very cold.
The +7 vorpal dire flail is lightly damaged.
You block the +7 vorpal dire flail's attack.
As you read the scroll of butterflies, it crumbles to dust.
You hear the tinkle of a tiny bell.
The +7 vorpal dire flail completely misses you.
The +7 vorpal dire flail hits you!!
You die...

######
######....#
#..>...bb.#
#.#####bb.######
#...bb@(b......#
#.######b#######
#.# ##§§§## #.#
##§§§§§## #.#
#.§§§§.§# #.#
#...§§§§# #.#
#)##.##§# #<#
#.##.##§# #.#
#######§#


You could see a +7 vorpal dire flail (ally target).

Vanquished Creatures
  Rupert (D:12)
  A deep elf demonologist (Elf:1)
  A deep elf annihilator (Elf:1)
  Josephine (D:12)
  Erolcha (D:10)
  A hydra (D:12)
  A boulder beetle (D:8)
  5 two-headed ogres
  A centaur warrior (Orc:2)
  6 dancing weapons
  A steelbarb worm (shapeshifter) (Elf:1)
  2 deep elf zephyrmancers (Elf:1)
  An orc knight (Orc:2)
  5 deep elf pyromancers
  An ugly thing (D:11)
  An orc sorcerer (D:11)
  Joseph (D:7)
  2 cyclopes
  3 unseen horrors
  Maggie (D:6)
  6 trolls
  2 shadows (D:12)
  An air elemental (Elf:1)
  2 vampires
  A wyvern (D:8)
  13 yaks
  4 wraiths
  2 fire bats (D:5)
  2 fire elementals (Elf:1)
  A steam dragon (D:9)
  2 vampire mosquitoes (D:9)
  A warg (Orc:1)
  An acid dragon (D:12)
  A water moccasin (D:6)
  Duvessa (D:6)
  33 orc warriors
  9 ogres
  A black bear (D:5)
  2 sky beasts
  9 centaurs
  A phantom (D:6)
  3 kobold brigands
  3 bullfrogs
  A gnoll sergeant (D:10)
  3 earth elementals (Elf:1)
  6 wights
  Dowan (D:6)
  13 killer bees
  An electric eel (D:12)
  3 howler monkeys (D:8)
  12 orc priests
  A hound (D:4)
  Terence (D:2)
  An iguana (D:6)
  17 orc wizards
  8 adders
  7 gnolls
  A shadow imp (D:8)
  A white imp (D:6)
  70 orcs
  2 ball pythons (D:1)
  4 giant cockroaches
  8 hobgoblins
  4 jackals (D:4)
  17 kobolds
  A quokka (D:3)
  5 bats
  4 frilled lizards
  11 goblins
  A rat zombie (D:10)
342 creatures vanquished.

Vanquished Creatures (collateral kills)
  A dancing weapon (Elf:1)
  A deep elf knight (Elf:1)
  Lodul (D:11)
  5 deep elf zephyrmancers
  An orc knight (Bailey)
  4 deep elf pyromancers (Elf:1)
  2 wraiths (D:12)
  Menkaure (D:5)
  5 orc warriors
  An ogre (D:11)
  An orc priest (Orc:2)
  A shadow imp (D:5)
  6 orcs (Orc:2)
  A bat zombie (D:10)
31 creatures vanquished.

Vanquished Creatures (others)
  A deep elf zephyrmancer (Elf:1)
  5 slime creatures (D:12)
  Sigmund (D:2)
  A water moccasin (D:6)
  An orc warrior (Orc:2)
  An ogre (D:11)
  A kobold brigand (D:8)
  A scorpion (D:6)
  A killer bee (D:7)
  40 jellies
  2 orc priests (D:4)
  2 hounds
  5 orc wizards
  A gnoll (D:1)
  A dart slug (D:3)
  12 orcs
  3 bats (D:1)
  2 endoplasms
  3 goblins
  2 hobgoblins (D:1)
  2 kobolds (D:2)
  A quokka (D:1)
  2 ball pythons (D:2)
  2 frilled lizards
  2 rats
  5 fungi
  10 plants
110 creatures vanquished.

Grand Total: 483 creatures vanquished

Notes
Turn   | Place    | Note
-------+----------+-------------------------------------------
     0 | D:1      | kwasso the Demonspawn Earth Elementalist began the quest
                  | for the Orb.
     0 | D:1      | Reached XP level 1. HP: 13/13 MP: 3/3
    51 | D:1      | Found a faded altar of an unknown god.
    58 | D:1      | Prayed at the altar of an unknown god.
    58 | D:1      | Became a worshipper of Jiyva Jiewokic the Shapeless
    58 | D:1      | Reached * piety under Jiyva
   174 | D:1      | Gained mutation: You are partially covered in slimy green
                  | scales. (AC +2) [demonic ancestry]
   174 | D:1      | Reached XP level 2. HP: 19/19 MP: 3/5
   327 | D:1      | Reached ** piety under Jiyva
   793 | D:2      | Found a sacrificial altar of Ru.
   863 | D:2      | Gained mutation: Your touch may inflict minor irresistible
                  | damage on your foes. [demonic ancestry]
   863 | D:2      | Reached XP level 3. HP: 23/24 MP: 3/6
  1070 | D:2      | Reached *** piety under Jiyva
  1070 | D:2      | Noticed Terence
  1084 | D:2      | Killed Terence
  1085 | D:2      | Reached XP level 4. HP: 22/30 MP: 4/8
  1132 | D:2      | Got the Reference Book on Shadowy Direction
  1274 | D:2      | Noticed Sigmund
  1284 | D:2      | Killed Sigmund
  1285 | D:2      | Gained mutation: Spells you cast may paralyse adjacent
                  | enemies. [demonic ancestry]
  1285 | D:2      | Reached XP level 5. HP: 26/36 MP: 8/11
  1480 | D:2      | Found a runed translucent door.
  1481 | D:2      | Noticed Crazy Yiuf
  1564 | D:2      | Learned a level 3 spell: Call Canine Familiar
  1637 | D:3      | Gained mutation: You have a pair of small horns on your
                  | head. [Jiyva's grace]
  1637 | D:3      | Gained mutation: You have a pair of horns on your head.
                  | [Jiyva's grace]
  1637 | D:3      | Gained mutation: You have a pair of large horns on your
                  | head. [Jiyva's grace]
  1637 | D:3      | Gained mutation: You passively map a small area around you.
                  | [Jiyva's grace]
  1705 | D:3      | Gained mutation: You are mostly covered in slimy green
                  | scales. (AC +3) [demonic ancestry]
  1705 | D:3      | Reached XP level 6. HP: 42/42 MP: 10/12
  1753 | D:3      | Reached **** piety under Jiyva
  2651 | D:4      | Reached ***** piety under Jiyva
  2693 | D:4      | Reached skill level 1 in Polearms
  2722 | D:4      | Found a stormy altar of Qazlal.
  2879 | D:4      | Identified the +3 ring mail "Kolobysk" {Str+3 Dex+2}
  2944 | D:4      | Found a broken altar of Ashenzari.
  3094 | D:4      | Lost mutation: You have a pair of large horns on your head.
                  | [Jiyva's grace]
  3094 | D:4      | Lost mutation: You passively map a small area around you.
                  | [Jiyva's grace]
  3094 | D:4      | Gained mutation: You are agile. (Dex +4, Str/Int -1)
                  | [Jiyva's grace]
  3094 | D:4      | Gained mutation: You are very agile. (Dex +8, Str/Int -2)
                  | [Jiyva's grace]
  3094 | D:4      | Gained mutation: Your flesh is cold resistant. (rC+)
                  | [Jiyva's grace]
  3094 | D:4      | Gained mutation: Your flesh is very cold resistant. (rC++)
                  | [Jiyva's grace]
  3382 | D:5      | Entered Level 5 of the Dungeon
  3691 | D:5      | Found Losaw's Antique Weapon Shoppe.
  3699 | D:5      | Found a transporter.
  3700 | D:5      | Found a staircase to the Ecumenical Temple.
  3843 | D:5      | Reached ****** piety under Jiyva
  3854 | D:5      | Reached skill level 1 in Armour
  3854 | D:5      | Reached skill level 1 in Summonings
  3868 | D:5      | Found a transporter.
  3870 | D:5      | Noticed a fire bat
  3870 | D:5      | Noticed a fire bat
  3919 | D:5      | Killed a fire bat
  3920 | D:5      | Reached XP level 7. HP: 44/47 MP: 13/13
  3922 | D:5      | Killed a fire bat
  3927 | D:5      | Identified the +4 chain mail of Anaesthesia {Regen+ Str+7
                  | Int+4}
  3994 | D:5      | Gained mutation: You have acidic saliva. [Jiyva's grace]
  3994 | D:5      | Gained mutation: Your flesh is heat resistant. (rF+)
                  | [Jiyva's grace]
  3994 | D:5      | Gained mutation: Your flesh is very heat resistant. (rF++)
                  | [Jiyva's grace]
  3994 | D:5      | Gained mutation: Your flesh is almost immune to the effects
                  | of heat. (rF+++) [Jiyva's grace]
  3994 | D:5      | Noticed Menkaure
  4001 | D:5      | Killed Menkaure
  4002 | D:5      | Reached skill level 2 in Polearms
  4002 | D:5      | Reached skill level 5 in Earth Magic
  4013 | D:5      | Found a sparkling altar of Nemelex Xobeh.
  4023 | D:5      | Found a bloodstained altar of Trog.
  4215 | D:6      | Noticed Duvessa
  4221 | D:6      | Noticed Dowan
  4229 | D:6      | Killed Duvessa
  4236 | D:6      | Killed Dowan
  4237 | D:6      | Reached skill level 1 in Fighting
  4237 | D:6      | Reached XP level 8. HP: 52/55 MP: 15/15
  4257 | D:6      | Reached skill level 5 in Spellcasting
  4348 | D:6      | Reached skill level 3 in Polearms
  4686 | D:6      | Noticed Maggie
  4708 | D:6      | Killed Maggie
  4709 | D:6      | Reached skill level 4 in Polearms
  5322 | D:7      | Gained mutation: Your touch may inflict irresistible damage
                  | on your foes. [demonic ancestry]
  5322 | D:7      | Reached XP level 9. HP: 61/61 MP: 17/17
  5480 | D:7      | Noticed Joseph
  5500 | D:7      | Killed Joseph
  5505 | D:7      | Found a flagged portal.
  5510 | Bailey   | Entered a bailey
  5538 | Bailey   | Reached skill level 5 in Polearms
  5650 | Bailey   | Found a large runed translucent door.
  5650 | Bailey   | Found a large runed translucent door.
  5650 | Bailey   | Noticed an orc knight
  5651 | Bailey   | Noticed a deep elf zephyrmancer
  5688 | Bailey   | Killed an orc knight
  5749 | Bailey   | Killed a deep elf zephyrmancer
  5750 | Bailey   | Reached skill level 6 in Polearms
  5781 | Bailey   | Identified the +10 short sword of Ashenzari's Wrath {pain,
                  | rF- rCorr Dex+3}
  5966 | D:8      | Gained mutation: You sometimes gain a little power by
                  | taking damage. [demonic ancestry]
  5966 | D:8      | Reached XP level 10. HP: 70/70 MP: 19/19
  5971 | D:8      | Noticed a boulder beetle
  6011 | D:8      | Killed a boulder beetle
  6012 | D:8      | Reached skill level 1 in Throwing
  6012 | D:8      | Reached skill level 5 in Armour
  6026 | D:8      | Gained mutation: You have hidden genetic potential.
                  | [Jiyva's grace]
  6026 | D:8      | Gained mutation: You have great hidden genetic potential.
                  | [Jiyva's grace]
  6026 | D:8      | Gained mutation: Your system is resistant to poisons.
                  | (rPois) [Jiyva's grace]
  6026 | D:8      | Gained mutation: Your spells are a little harder to cast,
                  | but a little more powerful. [Jiyva's grace]
  6129 | D:8      | Reached skill level 7 in Polearms
  6173 | D:8      | Found a radiant altar of Vehumet.
  6196 | D:8      | Found a blossoming altar of Fedhas.
  6519 | D:8      | Found a hide-covered altar of Uskayaw.
  7059 | D:9      | Reached skill level 5 in Dodging
  7071 | D:9      | Reached skill level 8 in Polearms
  7158 | D:9      | Reached skill level 5 in Summonings
  7336 | D:9      | Found a staircase to the Lair.
  7506 | D:9      | Gained mutation: Your touch may irresistibly damage your
                  | foes and sap their willpower. [demonic ancestry]
  7506 | D:9      | Reached XP level 11. HP: 76/76 MP: 21/21
  7625 | D:10     | Entered Level 10 of the Dungeon
  7733 | D:10     | Found a portal to a secret trove of treasure.
  7738 | D:10     | Noticed a two-headed ogre
  7747 | D:10     | Killed a two-headed ogre
  7761 | D:10     | Gained mutation: You are robust. (+10% HP) [hidden
                  | potential]
  8054 | D:10     | Noticed a two-headed ogre
  8063 | D:10     | Killed a two-headed ogre
  8187 | D:10     | Noticed Erolcha
  8200 | D:10     | Killed Erolcha
  8231 | D:10     | Found an ancient bone altar of Kikubaaqudgha.
  8392 | D:11     | Lost mutation: Your flesh is very cold resistant. (rC++)
                  | [Jiyva's grace]
  8392 | D:11     | Lost mutation: Your flesh is cold resistant. (rC+) [Jiyva's
                  | grace]
  8392 | D:11     | Lost mutation: Your flesh is almost immune to the effects
                  | of heat. (rF+++) [Jiyva's grace]
  8392 | D:11     | Lost mutation: Your spells are a little harder to cast, but
                  | a little more powerful. [Jiyva's grace]
  8392 | D:11     | Gained mutation: A frigid envelope surrounds you and
                  | freezes all who hurt you. [Jiyva's grace]
  8392 | D:11     | Gained mutation: You are resistant to electric shocks.
                  | (rElec) [Jiyva's grace]
  8392 | D:11     | Gained mutation: Your muscles are strong. (Str +4, Int/Dex
                  | -1) [Jiyva's grace]
  8392 | D:11     | Gained mutation: Your muscles are very strong. (Str +8,
                  | Int/Dex -2) [Jiyva's grace]
  8403 | D:11     | Noticed a two-headed ogre
  8410 | D:11     | Noticed a two-headed ogre
  8421 | D:11     | Reached skill level 1 in Evocations
  8423 | D:11     | Reached skill level 1 in Shields
  8426 | D:11     | Killed a two-headed ogre
  8427 | D:11     | Reached skill level 9 in Polearms
  8428 | D:11     | Killed a two-headed ogre
  8444 | D:11     | Noticed a red ugly thing
  8451 | D:11     | Killed a red ugly thing
  8646 | D:11     | Noticed Lodul
  8712 | D:11     | Killed Lodul
  8833 | D:11     | Found a staircase to the Orcish Mines.
  8938 | D:11     | Found Puottera's Magic Scroll Shoppe.
  8944 | D:11     | Bought a scroll of blinking for 127 gold pieces
  8944 | D:11     | Bought a scroll of butterflies for 68 gold pieces
  8944 | D:11     | Bought a scroll of blinking for 127 gold pieces
  8944 | D:11     | Bought a scroll of teleportation for 51 gold pieces
  8944 | D:11     | Bought a scroll of teleportation for 51 gold pieces
  9147 | D:12     | Noticed a five-headed hydra
  9156 | D:12     | Killed a five-headed hydra
  9157 | D:12     | Gained mutation: You sometimes gain power by taking damage.
                  | [demonic ancestry]
  9157 | D:12     | Reached XP level 12. HP: 91/93 MP: 22/22
  9316 | D:12     | Noticed Rupert
  9343 | D:12     | Killed Rupert
  9358 | D:12     | Gained mutation: You expend magic power (3 MP) to
                  | strengthen your wands. [hidden potential]
  9358 | D:12     | Lost mutation: You have great hidden genetic potential.
                  | [hidden potential expressed]
  9371 | D:12     | Noticed Josephine
  9384 | D:12     | Killed Josephine
  9385 | D:12     | Reached skill level 5 in Fighting
  9720 | Orc:1    | Entered Level 1 of the Orcish Mines
  9722 | Orc:1    | Paralysed by an orc sorcerer for 3 turns
  9727 | Orc:1    | Paralysed by an orc sorcerer for 4 turns
 10124 | Orc:2    | Entered Level 2 of the Orcish Mines
 10142 | Orc:2    | Noticed a two-headed ogre
 10153 | Orc:1    | Killed a two-headed ogre
 10332 | Orc:2    | Lost mutation: You have a pair of horns on your head.
                  | [Jiyva's grace]
 10332 | Orc:2    | Lost mutation: You are very agile. (Dex +8, Str/Int -2)
                  | [Jiyva's grace]
 10332 | Orc:2    | Lost mutation: You are resistant to electric shocks.
                  | (rElec) [Jiyva's grace]
 10332 | Orc:2    | Lost mutation: You expend magic power (3 MP) to strengthen
                  | your wands. [Jiyva's grace]
 10332 | Orc:2    | Gained mutation: Your flesh is cold resistant. (rC+)
                  | [Jiyva's grace]
 10332 | Orc:2    | Gained mutation: Your flesh is very cold resistant. (rC++)
                  | [Jiyva's grace]
 10332 | Orc:2    | Gained mutation: Your flesh is almost immune to the effects
                  | of cold. (rC+++) [Jiyva's grace]
 10332 | Orc:2    | Gained mutation: Your spells are a little harder to cast,
                  | but a little more powerful. [Jiyva's grace]
 10454 | Orc:2    | Found a staircase to the Elven Halls.
 10492 | Orc:2    | Noticed a centaur warrior
 10508 | Orc:2    | Killed a centaur warrior
 10509 | Orc:2    | Reached skill level 10 in Polearms
 10654 | Orc:2    | Found Ferghu Jifen's Distillery.
 10654 | Orc:2    | Found Ifitikhlu's Jewellery Boutique.
 10656 | Orc:2    | Found Plog's Antique Armour Shop.
 10658 | Orc:2    | Found Waonlap's Weapon Shoppe.
 10662 | Orc:2    | Bought a potion of invisibility for 128 gold pieces
 10662 | Orc:2    | Bought a potion of curing for 48 gold pieces
 10662 | Orc:2    | Bought a potion of degeneration for 16 gold pieces
 10662 | Orc:2    | Bought a potion of curing for 48 gold pieces
 10968 | Elf:1    | Entered Level 1 of the Elven Halls
 10983 | Elf:1    | Reached XP level 13. HP: 97/102 MP: 24/24
 11036 | Elf:1    | Found Uristrod's Weapon Emporium.
 11036 | Elf:1    | Found the +2 cloak of the Thief {*Fog Slay-2 SInv Stlth+}
 11434 | Elf:1    | Gained mutation: You passively map a small area around you.
                  | [hidden potential]
 11453 | Elf:1    | Noticed a deep elf annihilator
 11457 | Elf:1    | Killed a deep elf annihilator
 11460 | Elf:1    | Got Enwoemum's Volume of Striking
 11708 | Elf:1    | Paralysed by an air elemental for 1 turns
 11712 | Elf:1    | Paralysed by an air elemental for 1 turns
 11864 | Elf:1    | Identified the +8 trident "Ifuk" {vorpal, rF+ rC+}
 11864 | Elf:1    | Noticed a deep elf demonologist
 11879 | Elf:1    | Killed a deep elf demonologist
 11880 | Elf:1    | Reached skill level 5 in Evocations
 12111 | Elf:2    | Lost mutation: You have a pair of small horns on your head.
                  | [Jiyva's grace]
 12111 | Elf:2    | Lost mutation: You are agile. (Dex +4, Str/Int -1) [Jiyva's
                  | grace]
 12111 | Elf:2    | Gained mutation: You are covered in slimy tendrils that may
                  | disarm your opponents. [Jiyva's grace]
 12111 | Elf:2    | Gained mutation: Your translucent skin slightly reduces
                  | your foes' accuracy. (Stealth+) [Jiyva's grace]
 12111 | Elf:2    | Gained mutation: Your translucent skin reduces your foes'
                  | accuracy. (Stealth+) [Jiyva's grace]
 12111 | Elf:2    | Gained mutation: Your transparent skin significantly
                  | reduces your foes' accuracy. (Stealth+) [Jiyva's grace]
 12111 | Elf:2    | Found a runed translucent gate.
 12111 | Elf:2    | Found a runed translucent gate.
 12111 | Elf:2    | Found a runed translucent gate.
 12152 | Elf:2    | Reached skill level 5 in Shields
 12262 | Elf:2    | Mangled by a +7 vorpal dire flail

Illustrated notes

Levels and vault maps discovered:
D:1:      dpeg_arrival_stonehenge_8_columns, layout_basic,
          dreamdust_ecumenical_altar_hidden_monk_grotto, minmay_hexomino_p4
D:2:      layout_loops_ring, basic_altar, serial_park_tiny_pond,
          minmay_randomly_rotated_circles, uniq_crazy_yiuf_cottage,
          uniq_sigmund, uniq_terence
D:3:      layout_basic
D:4:      layout_loops_ring, mainiacjoe_overflow_surrounded_room,
          grunt_qazlal_clouds
D:5:      gammafunk_cloud_chamber, layout_gridville, minitemple,
          minmay_temple_entry_offerings, serial_shops, nicolae_diamond_shop,
          uniq_menkaure
D:6:      minmay_spotlight, layout_cave_pods, uniq_duvessa, uniq_maggie
D:7:      layout_gridville, enter_bailey_3, uniq_joseph
D:8:      layout_basic, mainiacjoe_overflow_concentric_impassable,
          mainiacjoe_overflow_catwalk, marbit_many_paths,
          amcnicky_mini_corridor_feature, minmay_misc_feat_pillars
D:9:      layout_loops_ring, dpeg_oklobed_lair, nicolae_zen_rock_garden,
          nicolae_elevator_lobby_asterisk
D:10:     layout_layer_cave, lemuel_zombie_altar_kikubaaqudgha,
          nicolae_trove_entry_crossroad, uniq_erolcha
D:11:     layout_cave_pools, david_orc_4, serial_shops,
          nicolae_shop_advertising_works [nicolae_subvault_shop_adworks],
          chequers_arboretum, uniq_lodul
D:12:     layout_rooms, kennysheep_generic_room_2, uniq_josephine, uniq_rupert
Orc:1:    layout_caves
Orc:2:    st_orc_rangers, layout_caves, basic_altar
Elf:1:    nicolae_elf_arrival_fired_up, layout_geoelf_octagon, serial_shops,
          nicolae_shop_trees, minmay_elf_annihilation
Elf:2:    nicolae_elf_blades_splatter_lattice
          [nicolae_blade_entry_hurt_lockers], layout_gridlike,
          nicolae_elf_deep_mausoleum

Skill      XL: |  1  2  3  4  5  6  7  8  9 10 11 12 13 |
---------------+----------------------------------------+-----
Earth Magic    | 3 4 5 6 7 8 |  8.3
Spellcasting   | 3 4 5 6 7 8 |  8.2
Dodging        | 2 3 4 5 6 7 |  7.5
Stealth        | 2 |  2.1
Polearms       | 1 2 4 6 8 9 10 | 10.6
Armour         | 1 2 3 4 5 6 7 |  7.8
Summonings     | 1 2 3 5 6 7 |  7.2
Fighting       | 1 2 3 4 5 6 |  6.3
Throwing       | 1 |  1.4
Evocations     | 2 4 5 |  5.2
Shields        | 2 4 5 |  5.1
Short Blades   | |  0.7
Transmutations | |  0.8

Action                   |  1- 3 |  4- 6 |  7- 9 | 10-12 | 13-15 || total
-------------------------+-------+-------+-------+-------+-------++-------
Melee: Trident           |     6 |    26 |   197 |   636 |   146 ||  1011
       Touch             |     2 |     1 |    35 |    38 |       ||    76
       Headbutt          |       |     7 |    41 |   137 |    34 ||   219
       Bite              |       |       |    25 |    96 |    21 ||   142
       Punch             |       |       |     2 |     3 |       ||     5
       Dagger            |       |       |     6 |       |       ||     6
Throw: Dart              |       |       |     8 |    18 |     2 ||    28
 Cast: Sandblast         |    47 |    40 |     3 |       |     6 ||    96
       Call Canine Famil |       |       |       |     1 |       ||     1
Invok: Slimify           |       |       |       |     2 |       ||     2
       Oozemancy         |       |       |       |     1 |       ||     1
Evoke: Wand              |       |       |       |     7 |       ||     7
  Use: Scroll            |       |       |     8 |     1 |     6 ||    15
       Potion            |       |       |       |     4 |     1 ||     5
 Stab: Paralysed         |       |     7 |       |       |       ||     7
       Sleeping          |       |     1 |       |       |       ||     1
       Distracted        |       |       |       |     1 |       ||     1
Armor: Robe              |     8 |     9 |     2 |       |       ||    19
       Chain mail        |       |       |   113 |   288 |    40 ||   441
Dodge: Dodged            |    22 |    29 |    83 |   429 |    56 ||   619
Block: Buckler           |       |       |       |   117 |    21 ||   138
